 Dungeon Crawl Stone Soup version 0.15.0-23-gc2b521c (webtiles) character file.

2745 DrPain the Basher (level 9, -2/82 HPs)
             Began as a Minotaur Berserker on Sept 9, 2014.
             Was an Elder of Trog.
             Slain by an orc knight
             ... wielding a +0 halberd
              (9 damage)
             ... in a bailey.
             The game lasted 00:18:31 (6281 turns).

DrPain the Basher (Minotaur Berserker)              Turns: 6281, Time: 00:18:31

HP  -2/82        AC 12     Str 21      XL: 9   Next: 41%
MP   4/4         EV  6     Int  4      God: Trog [****..]
Gold 107         SH  0     Dex 14      Spells:  0 memorised,  8 levels left

rFire  + . .     SeeInvis .     O - +0 hunting sling
rCold  x . .     Clarity  .     P - +0 plate armour
rNeg   . . .     rCorr    .     (no shield)
rPois  .         rRot     .     (helmet restricted)
rElec  .         Spirit   .     (no cloak)
SustAb .         Warding  .     (no gloves)
rMut   .         Stasis   .     (no boots)
Gourm  .                        I - amulet of faith
MR     +....                    q - ring of protection from magic
                                m - ring of fire

@: drained, somewhat resistant to hostile enchantments, extremely unstealthy
A: retaliatory headbutt, horns 2
a: Burn Spellbooks, Berserk, Trog's Hand, Brothers in Arms, Renounce Religion


You were in a bailey.
You worshipped Trog.
Trog was greatly pleased with you.
You were very hungry.

You visited 1 branch of the dungeon, and saw 7 of its levels.
You also visited: Bailey.

You collected 331 gold pieces.
You spent 224 gold pieces at shops.

Inventory:

Hand weapons
 A - a +0 dire flail
 O - a +0 hunting sling (weapon)
Missiles
 b - 80 arrows
 g - 45 sling bullets (quivered)
 h - 191 stones
 p - 4 javelins
 u - 15 poisoned arrows
 M - 4 tomahawks
Armour
 P - a +0 plate armour (worn)
Comestibles
 c - 2 bread rations
 x - 4 slices of pizza
 D - 2 meat rations
 E - 4 rotting chunks of orc flesh
 K - a beef jerky
 L - 3 fruits
Scrolls
 d - 5 scrolls of remove curse
 e - 4 scrolls of identify
 f - a scroll of enchant armour {unknown}
 k - 4 scrolls of enchant weapon
 n - 2 scrolls of noise {unknown}
 r - a scroll of teleportation {unknown}
 z - a scroll of blinking {unknown}
 B - a scroll of random uselessness {unknown}
 C - a scroll of amnesia {unknown}
 F - 2 scrolls of acquirement {unknown}
Jewellery
 m - a ring of fire (left hand)
 q - a ring of protection from magic (right hand)
 I - an amulet of faith (around neck)
Potions
 a - a potion of poison {unknown}
 i - a potion of mutation {unknown}
 j - 2 potions of cure mutation {unknown}
 l - 2 potions of confusion {unknown}
 o - 2 potions of heal wounds {unknown}
 s - a potion of invisibility
 t - 2 potions of degeneration {unknown}
 v - 2 potions of brilliance {unknown}
 w - a potion of might {unknown}
 G - a potion of haste {unknown}
 H - a potion of berserk rage {unknown}
 J - a potion of curing {unknown}
 N - a potion of restore abilities {unknown}


   Skills:
 - Level 8.9(8.6) Fighting
 - Level 12.0(11.7) Maces & Flails
 + Level 6.5(6.3) Armour
 - Level 2.1(1.9) Dodging


You had 8 spell levels left.
You didn't know any spells.

Dungeon Overview and Level Annotations

Branches:
Dungeon (7/15)             Temple (0/1) D:4

Altars:

Shops:
D:5 ?


Innate Abilities, Weirdness & Mutations

You reflexively headbutt those who attack you in melee.
You have a pair of horns on your head.


Message History

The orc warrior shoots a bolt.
The bolt hits you!
Your ogre rages.
You see here a bolt.
The orc warrior hits you but does no damage.
The orc knight roars a battle-cry!
The orc warrior goes into a battle-frenzy!
The orc knight hits you from afar with a halberd!!
* * * LOW HITPOINT WARNING * * *
The orc warrior shoots a bolt.
The bolt hits you!
* * * LOW HITPOINT WARNING * * *
The orc warrior completely misses you.
You see here a bolt.
Your ogre rages.
The orc knight hits you but does no damage.
The orc warrior hits you from afar with a halberd.
* * * LOW HITPOINT WARNING * * *
The orc knight roars a battle-cry!
The orc warrior goes into a battle-frenzy!
The orc knight hits you from afar with a halberd!
You die...

### #########∩##
###
##..OO(##...##...
#.@≈≈≈.(#...#..≈≈≈
#.≈≈o≈≈O.(....≈≈o≈
+.≈ooo≈O.(....≈ooo
#.≈≈o≈≈.......≈≈o≈≈
#..≈≈≈..#(..#..≈≈≈
##.....##.∩.##...
#########∩## ###
###


You could see an orc knight, 3 orc warriors, an orc (frenzied), 2 friendly
two-headed ogres and 2 friendly ogres.

Vanquished Creatures
  Prince Ribbit (D:4)
  4 yaks (D:6)
  Eustachio (D:5)
  2 orc warriors (D:6)
  2 sky beasts (D:6)
  A black bear (D:6)
  A centaur (D:6)
  The ghost of gw the Twirler, an average MiGl (D:3)
  3 ogres
  Blork the orc (D:4)
  5 wights (D:6)
  2 crimson imps (D:5)
  A jelly (D:5)
  3 hounds
  A quasit (D:6)
  3 orc priests
  3 orc wizards
  An iguana (D:5)
  2 worker ants
  An ogre zombie (D:6)
  7 adders
  A shadow imp (D:6)
  A giant mite (D:5)
  A green rat (D:5)
  A worm (D:5)
  2 giant geckos
  An ooze (D:1)
  14 orcs
  11 bats
  A bat skeleton (D:4)
  4 giant cockroaches
  A giant mite zombie (D:5)
  13 hobgoblins
  3 jackals (D:4)
  4 quokkas
  A ball python (D:2)
  3 giant newts
  19 goblins
  A jackal skeleton (D:4)
  3 kobolds
  An orc skeleton (D:5)
  10 rats
142 creatures vanquished.

Notes
Turn   | Place    | Note
--------------------------------------------------------------
     0 | D:1      | DrPain, the Minotaur Berserker, began the quest for the Orb.
     0 | D:1      | Reached XP level 1. HP: 19/19 MP: 1/1
    36 | D:1      | Reached skill level 4 in Maces & Flails
   222 | D:1      | Reached XP level 2. HP: 23/26 MP: 1/1
   575 | D:2      | Reached skill level 5 in Maces & Flails
   575 | D:2      | Reached XP level 3. HP: 26/31 MP: 2/2
   628 | D:2      | Acquired Trog's second power
  1465 | D:3      | Reached XP level 4. HP: 33/39 MP: 2/2
  1600 | D:3      | Reached skill level 6 in Maces & Flails
  1832 | D:3      | Noticed gw's ghost (average MiGl)
  1844 | D:3      | Killed gw's ghost
  1844 | D:3      | Reached skill level 7 in Maces & Flails
  1844 | D:3      | Reached XP level 5. HP: 20/45 MP: 2/2
  2362 | D:3      | Noticed an ogre
  2371 | D:3      | Killed an ogre
  2371 | D:3      | Reached skill level 8 in Maces & Flails
  2371 | D:3      | Reached XP level 6. HP: 20/51 MP: 3/3
  2682 | D:4      | Noticed Blork the orc
  2695 | D:4      | Killed Blork the orc
  2921 | D:4      | Reached skill level 9 in Maces & Flails
  3035 | D:4      | Noticed Prince Ribbit
  3048 | D:4      | Killed Prince Ribbit
  3048 | D:4      | Reached skill level 10 in Maces & Flails
  3048 | D:4      | Reached XP level 7. HP: 41/57 MP: 3/3
  3578 | D:4      | HP: 3/85 [orc priest/divine providence (16)]
  3983 | D:4      | Found a staircase to the Ecumenical Temple.
  4051 | D:5      | Entered Level 5 of the Dungeon
  4057 | D:5      | Acquired Trog's third power
  4289 | D:5      | Reached skill level 11 in Maces & Flails
  4443 | D:5      | Noticed Eustachio
  4462 | D:5      | Killed Eustachio
  4462 | D:5      | Reached XP level 8. HP: 52/64 MP: 3/3
  4522 | D:5      | Found Mni Fiud's Magic Scroll Shop.
  4540 | D:5      | Bought a scroll of enchant weapon for 112 gold pieces
  4540 | D:5      | Bought a scroll of enchant weapon for 112 gold pieces
  4570 | D:6      | Reached skill level 12 in Maces & Flails
  4678 | D:6      | Reached skill level 5 in Fighting
  5437 | D:6      | Reached XP level 9. HP: 38/82 MP: 4/4
  5886 | D:6      | Reached skill level 5 in Armour
  6231 | D:7      | Found a flagged portal.
  6252 | Bailey   | Entered a bailey
  6252 | Bailey   | Noticed an orc knight
  6281 | Bailey   | Slain by an orc knight

Action                   |  1- 3 |  4- 6 |  7- 9 || total
-------------------------+-------+-------+-------++-------
Melee: Mace              |    79 |    83 |       ||   162
       Dire flail        |       |    17 |   214 ||   231
 Fire: Hunting sling     |       |       |     1 ||     1
Invok: Berserk           |       |     2 |     5 ||     7
       Brothers in Arms  |       |       |     4 ||     4
Evoke: Wand              |       |       |     1 ||     1
  Use: Scroll            |       |     2 |       ||     2
  Eat: Bread ration      |     1 |     1 |     2 ||     4
       Chunk             |       |       |     6 ||     6
